 Dungeon Crawl Stone Soup version 0.30.1-4-g462c640d31 (webtiles) character file.

Game seed: 12108496678758575389

43 Patrick2011b the Covered (level 3, -3/33 HPs)
             Began as a Minotaur Fighter on Aug 11, 2023.
             Splashed by a jelly's acid (11 damage)
             ... on level 4 of the Dungeon.
             The game lasted 00:07:38 (1143 turns).

Patrick2011b the Covered (Minotaur Fighter)         Turns: 1143, Time: 00:07:39

Health: -3/33      AC:  1    Str: 22    XL:     3   Next: 37%
Magic:  2/2        EV:  8    Int:  5    God:
Gold:   91         SH:  4    Dex:  9    Spells: 2/2 levels left

rFire   . . .        a - +0 war axe
rCold   . . .        c - +0 buckler
rNeg    . . .        j - +0 chain mail
rPois   .            (helmet restricted)
rElec   .            (no cloak)
rCorr   .            (no gloves)
SInv    .            (no boots)
Will    .....        (no amulet) Stlth
                     (no ring)
HPRegen 0.25/turn    (no ring)
MPRegen 0.08/turn

%: no passive effects
@: corroded
A: horns 2, retaliatory headbutt
a: no special abilities


You were on level 4 of the Dungeon.
You visited 1 branch of the dungeon, and saw 3 of its levels.

You collected 91 gold pieces.

Inventory:

Hand Weapons
 a - a +0 war axe (weapon)
Missiles
 e - 13 stones (quivered)
Armour
 c - a +0 buckler (worn)
 j - a +0 chain mail (worn)
Scrolls
 b - a scroll of acquirement {unknown}
 f - a scroll of magic mapping {unknown}
 g - a scroll of enchant armour {unknown}
 k - a scroll of immolation {unknown}
 l - a scroll of identify {unknown}
Potions
 d - a potion of might
 h - a potion of heal wounds {unknown}
 i - 2 potions of curing {unknown}


   Skills:
 + Level 4.1 Fighting
 + Level 3.3 Axes
 + Level 4.1 Armour
 + Level 4.0 Shields


You had 2 spell levels left.
You didn't know any spells.
Your spell library contained the following spells:

 Spells                   Type           Power      Damage    Failure   Level
 Magic Dart               Conj           0%         1d3       99%         1
 Searing Ray              Conj           0%         2d4       99%         2
 Fulminant Prism          Conj/Hex       0%         3d5       100%        4


Dungeon Overview and Level Annotations

Branches:
Dungeon (2/15)

Altars:

Shops:
D:1 :


Innate Abilities, Weirdness & Mutations

You have a pair of horns on your head.
You reflexively headbutt those who attack you in melee.


Message History

You now have 91 gold pieces (gained 11).
A jelly comes into view.
Throw: 18 stones
Press: ? - help, Q - select action Shift-Dir - straight line, f - jelly
Aim: a jelly (wandering, hasn't noticed you, 89% to hit)
You throw a stone. The stone barely misses the jelly.
The jelly quivers.
Throw: 17 stones
Press: ? - help, Q - select action Shift-Dir - straight line, f/p - jelly
Aim: a jelly (89% to hit)
You throw a stone. The stone hits the jelly.
The jelly is lightly wounded.
Throw: 16 stones
Press: ? - help, Q - select action Shift-Dir - straight line, f/p - jelly
Aim: a jelly (lightly wounded, 89% to hit)
You throw a stone.
The stone hits the jelly but does no damage.
The jelly is lightly wounded.
Throw: 15 stones
Press: ? - help, Q - select action Shift-Dir - straight line, f/p - jelly
Aim: a jelly (lightly wounded, 89% to hit)
You throw a stone.
The stone hits the jelly but does no damage.
The jelly is lightly wounded.
Throw: 14 stones
Press: ? - help, Q - select action Shift-Dir - straight line, f/p - jelly
Aim: a jelly (lightly wounded, 89% to hit)
You throw a stone.
The stone hits the jelly but does no damage.
The jelly is lightly wounded.
The jelly hits you. The acid corrodes you!
You are splashed with acid!
You slash the jelly!
Your hands burn!
You headbutt the jelly.
The jelly is almost dead.
The jelly hits you.
You are splashed with acid!
You hit the jelly but do no damage.
Your hands burn!
The jelly is almost dead.
The jelly hits you.
* * * LOW HITPOINT WARNING * * *
The acid corrodes you!
You are splashed with acid!
You die...

#..####.##...#### #..#
#.........#
#..####.........#
#..[.......♣♣...#
.....###......♣..#
...#...# #......♣..##
###.....###....♣♣....#
##..........J......#
##.######...@.....# #.
####..###.# ##....
.#### .# .# .# .#


You could see a jelly.

Vanquished Creatures
  An adder (D:2)
  A dart slug (D:1)
  5 endoplasms
  A giant cockroach (D:1)
  2 goblins
  4 hobgoblins
  3 kobolds (D:1)
  A quokka (D:1)
  6 ball pythons
  2 bats (D:1)
  A frilled lizard (D:1)
  2 rats (D:1)
29 creatures vanquished.

Notes
Turn   | Place    | Note
-------+----------+-------------------------------------------
     0 | D:1      | Patrick2011b the Minotaur Fighter began the quest for the
                  | Orb.
     0 | D:1      | Reached XP level 1. HP: 19/19 MP: 0/0
   170 | D:1      | Reached XP level 2. HP: 27/27 MP: 1/1
   392 | D:1      | Found Kaifypn's Book Shoppe.
   855 | D:2      | Reached XP level 3. HP: 33/33 MP: 2/2
  1040 | D:2      | You fall into a shaft and drop 2 floors!
  1143 | D:4      | Splashed by a jelly's acid

Illustrated notes

Levels and vault maps discovered:
D:1:      minmay_arrival_arboretum_small, layout_loops_ring, serial_shops,
          nicolae_book_shop_shelving, wander_ebering_terrifying_dragon_lair
D:2:      layout_loops_ring, nicolae_eternal_life, kennysheep_generic_room_12,
          uniq_crazy_yiuf_cottage
D:4:      layout_loops_corners, minmay_temple_entry_junction, chequers_garden,
          uniq_blork_the_orc

Skill      XL: |  1  2  3 |
---------------+----------+-----
Fighting       | 4 |  4.1
Armour         | 4 |  4.1
Shields        | 4 |  4.0
Axes           | 3 |  3.3

Action                     || total
---------------------------++-------
  Melee: War axe           ||    48
         Headbutt          ||     5
  Throw: Stone             ||     6
 Armour: Scale mail        ||    10
         Chain mail        ||    17
  Dodge: Dodged            ||    13
  Block: Buckler           ||     9
